 Dungeon Crawl Stone Soup version 0.21.1-1-g345015fe64 (webtiles) character file.

268 Jerry the Slasher (level 6, -4/43 HPs)
             Began as an Octopode Fighter on Feb 28, 2018.
             Slain by an ice beast (6 damage)
             ... on level 3 of the Dungeon.
             The game lasted 00:06:57 (2063 turns).

Jerry the Slasher (Octopode Fighter)                Turns: 2063, Time: 00:06:58

Health: -4/43      AC:  3    Str: 16    XL:     6   Next: 21%
Magic:  6/6        EV: 12    Int: 10    God:
Gold:   75         SH: 10    Dex: 13    Spells: 5/5 levels left

rFire    . . .     SeeInvis .   a - +0 long sword
rCold    . . .     Gourm    .   b - +1 shield
rNeg     . . .     Faith    .   l - +2 hat
rPois    .         Spirit   .   (no amulet)
rElec    .         Reflect  .   i - ring of stealth
rCorr    .         Harm     .   (no ring)
MR       .....                  (no ring)
Stlth    ++++......             (no ring)
HPRegen  0.14/turn              (no ring)
MPRegen  0.10/turn              (no ring)
                                (no ring)
                                (no ring)

@: no status effects
A: almost no armour, stealthy swim, amphibious, 8 rings, constrict 8, camouflage
1, gelatinous body 1
a: no special abilities


You were on level 3 of the Dungeon.
You were not hungry.

You visited 1 branch of the dungeon, and saw 3 of its levels.

You collected 75 gold pieces.

Inventory:

Hand Weapons
 a - a +0 long sword (weapon)
Armour
 b - a +1 shield (worn)
 l - a +2 hat (worn)
Jewellery
 i - a ring of stealth (left tentacle)
Scrolls
 h - a scroll of identify
 m - 2 scrolls of teleportation
Potions
 c - 2 potions of might
 e - 2 potions of curing
 g - a potion of lignification
 j - a potion of invisibility {unknown}
 k - a potion of brilliance {unknown}
 n - a potion of haste {unknown}
Comestibles
 d - 7 rations
 f - a chunk of flesh


   Skills:
 + Level 3.8 Fighting
 * Level 4.0 Long Blades
 + Level 3.8 Dodging
 + Level 3.1 Stealth
 + Level 3.8 Shields


You had 5 spell levels left.
You didn't know any spells.

Dungeon Overview and Level Annotations

Branches:
Dungeon (3/15)

Altars:


Innate Abilities, Weirdness & Mutations

You cannot wear most types of armour.
You are very stealthy in the water. (Stealth+)
You are amphibious.
You can wear up to eight rings at the same time.
You can use your tentacles to constrict eight enemies at once.
Your skin changes colour to match your surroundings (Stealth+).
Your rubbery body absorbs attacks. (AC +1, EV +1)


Message History

The ice beast is moderately wounded.
You hear the slow rusting of a distant drain.
The ice beast closely misses you.
You riposte.
You hit the ice beast.
The ice beast is heavily wounded.
You hit the ice beast.
The ice beast is heavily wounded.
The ice beast hits you. The ice beast freezes you.
You closely miss the ice beast.
The ice beast is heavily wounded.
The ice beast hits you. The ice beast freezes you!
* * * LOW HITPOINT WARNING * * *
You hit the ice beast but do no damage. Your squeeze misses the ice beast.
The ice beast is heavily wounded.
You block the ice beast's attack. x2
You completely miss the ice beast. Your squeeze misses the ice beast.
The ice beast is heavily wounded.
The ice beast hits you.
* * * LOW HITPOINT WARNING * * *
The ice beast freezes you.
You die...

####.#######.##.###.#.##..#.....
.....# #.##.###.#.##........
###### #. #.##....##.#.#### #.
#...)......#.# ####.........
####.######. #....# #. #.#### #.
#@# ####? #.##Y##.....
#.......## ####........###.
......?...#..... ##.##.......###
# #......## ##.$(#.#
.......#.......


You could see an ice beast.

Vanquished Creatures
  2 jellies (D:2)
  2 orc wizards (D:3)
  4 adders
  8 oozes (D:2)
  4 dart slugs
  A leopard gecko (D:3)
  2 orcs (D:2)
  3 giant cockroaches
  5 goblins
  7 hobgoblins
  4 jackals (D:2)
  12 kobolds
  A quokka (D:2)
  A ball python (D:1)
  7 bats
  5 frilled lizards
  15 rats
83 creatures vanquished.

Vanquished Creatures (others)
  A fungus (D:2)
  4 toadstools (D:2)
5 creatures vanquished.

Grand Total: 88 creatures vanquished

Notes
Turn   | Place    | Note
-------+----------+-------------------------------------------
     0 | D:1      | Jerry the Octopode Fighter began the quest for the Orb.
     0 | D:1      | Reached XP level 1. HP: 16/16 MP: 1/1
    62 | D:1      | Reached XP level 2. HP: 21/21 MP: 2/2
   173 | D:1      | Reached skill level 1 in Stealth
   336 | D:1      | Reached XP level 3. HP: 22/26 MP: 3/3
  1176 | D:2      | Reached skill level 3 in Long Blades
  1176 | D:2      | Reached XP level 4. HP: 31/31 MP: 4/4
  1380 | D:2      | Reached XP level 5. HP: 28/36 MP: 5/5
  2012 | D:3      | Reached XP level 6. HP: 29/43 MP: 6/6
  2032 | D:3      | Reached skill level 4 in Long Blades
  2048 | D:3      | Noticed an ice beast
  2063 | D:3      | HP: 2/43 [ice beast (2)]
  2063 | D:3      | Slain by an ice beast

Skill      XL: |  1  2  3  4  5  6 |
---------------+-------------------+-----
Stealth        | 1 2 3 |  3.1
Long Blades    | 3 4 |  4.0
Fighting       | |  3.8
Dodging        | |  3.8
Shields        | |  3.8

Action                   |  1- 3 |  4- 6 || total
-------------------------+-------+-------++-------
Melee: Long sword        |    59 |    79 ||   138
       Constrict         |    16 |    17 ||    33
       Tentacles         |     7 |    17 ||    24
  Use: Scroll            |       |     6 ||     6
 Stab: Sleeping          |    11 |     8 ||    19
  Eat: Chunk             |     1 |     3 ||     4
Armor: Skin              |     8 |     9 ||    17
Dodge: Dodged            |    22 |    27 ||    49
Block: Shield            |    25 |    38 ||    63
       Rpst.: Long sword |     7 |     8 ||    15
